 Dungeon Crawl Stone Soup version 0.27.0-1-g7a089689b8 (webtiles) character file.

Game seed: 663576068440200561

737 MajorAdolf the Cudgeller (level 7, -14/67 HPs)
             Began as a Naga Wanderer on Aug 3, 2021.
             Demolished by a komodo dragon (30 damage)
             ... on level 4 of the Dungeon.
             The game lasted 00:11:00 (6616 turns).

MajorAdolf the Cudgeller (Naga Wanderer)            Turns: 6616, Time: 00:11:01

Health: -14/67     AC:  5    Str: 15    XL:     7   Next: 74%
Magic:  4/11       EV:  8    Int: 12    God:
Gold:   166        SH:  3    Dex: 12    Spells: 10/12 levels left

rFire    . . .     SeeInvis +   a - +2 mace
rCold    . . .     Faith    .   i - +0 buckler
rNeg     . . .     Spirit   .   d - +0 robe
rPois    +         Reflect  .   (no helmet)
rElec    .         Harm     .   g - +0 cloak
rCorr    .         Rampage  .   r - +0 pair of gloves
Will     .....                  (no barding)
Stlth    ++........             (no amulet)
HPRegen  0.21/turn              (no ring)
MPRegen  0.12/turn              (no ring)

@: short of breath, very slow
A: AC +2, large, see invisible, deformed body, poison resistance, slowness 2,
spit poison 1, naga tail 1
a: Spit Poison


You were on level 4 of the Dungeon.
You visited 1 branch of the dungeon, and saw 5 of its levels.

You collected 166 gold pieces.

Inventory:

Hand Weapons
 a - a +2 mace (weapon)
Armour
 d - a +0 robe (worn)
 g - a +0 cloak (worn)
 i - a +0 buckler (worn)
 r - a +0 pair of gloves (worn)
Wands
 b - a wand of polymorph (5)
Scrolls
 c - a scroll of teleportation
 e - a scroll of enchant armour {unknown}
 k - a scroll of noise {unknown}
 n - a scroll of amnesia {unknown}
 o - a scroll of enchant weapon {unknown}
 q - a scroll of magic mapping {unknown}
 s - a scroll of fear {unknown}
 t - a scroll of summoning {unknown}
Potions
 f - 2 potions of curing
 h - a potion of berserk rage {unknown}
 j - a potion of mutation {unknown}
 l - 3 potions of magic {unknown}
 m - a potion of degeneration {unknown}
 p - 2 potions of attraction {unknown}


   Skills:
 - Level 5.0 Fighting
 + Level 5.3 Maces & Flails
 - Level 1.0 Dodging
 - Level 1.5 Stealth
 + Level 3.1 Spellcasting
 + Level 3.5 Air Magic
 + Level 4.7 Poison Magic
 - Level 1.0 Evocations


You had 10 spell levels left.
You knew the following spells:

 Your Spells              Type           Power      Damage    Failure   Level
a - Poisonous Vapours     Pois/Air       22%        N/A       11%         2

Your spell library contained the following spells:

 Spells                   Type           Power      Damage    Failure   Level
 Corpse Rot               Necr/Air       N/A        N/A       30%         2
 Freezing Cloud           Conj/Ice/Air   2%         6-21      100%        5


Dungeon Overview and Level Annotations

Branches:
Dungeon (5/15)
 Temple: D:4-7

Altars:
Makhleb
Ru

Shops:
D:1 :[(

Annotations:
D:5 Eustachio


Innate Abilities, Weirdness & Mutations

Your serpentine skin is tough. (AC +2)
You have supernaturally acute eyesight. (SInv)
Armour fits poorly on your strangely shaped body.
Your system is resistant to poisons. (rPois)
You cover ground very slowly.
You can spit poison.
You have a snake-like lower body.


Message History

Unknown command.
Eustachio gestures wildly while chanting.
Eustachio blinks!
The komodo dragon bites you.
Your magical contamination has completely faded away.
The komodo dragon barely misses you. The komodo dragon bites you.
An iguana comes into view.
The komodo dragon bites you!!
The iguana hisses angrily.
Press: ? - help, Shift-Dir - straight line, f/p - komodo dragon
Aim: a komodo dragon (heavily wounded, poisoned)
The splash of poison hits the komodo dragon.
The komodo dragon looks even sicker.
The komodo dragon is heavily wounded.
You block the komodo dragon's attack.
Unknown command.
The iguana bites you but does no damage.
Eustachio gestures wildly while chanting.
Eustachio mumbles some strange words.
There is a stone staircase leading up here.
You have got your breath back.
The komodo dragon bites you but does no damage.
Eustachio casts a spell.
You climb upwards.
There is a stone staircase leading down here.
Unknown command.
Poisonous vapours surround the komodo dragon!
The komodo dragon looks even sicker.
The komodo dragon bites you!!
* * * LOW HITPOINT WARNING * * *
Okay, then.
Unknown command.
Unknown command.
Okay, then.
Press: ? - help, Shift-Dir - straight line, f/p - komodo dragon
Aim: a komodo dragon (severely wounded, very poisoned)
The splash of poison hits the komodo dragon.
The komodo dragon looks even sicker.
The komodo dragon is almost dead.
The komodo dragon bites you!!
You die...

#.......## ###.†..### .........#
#...##...## .........#
#####.######..### .........#
#.....# ##...### .........#
#...### ###...## .........# #...#
###..### .........# #...###
#######.... .........#
#.....######...#...### .........#
#...#@...##.........##
.........###....l...............†
...............######...........#
..........###### #...........#
##......### ##.........##
>######..## ##.......##
......)...# ##...##.#
########..#### #..##..# ##
#.....###########..##.####


You could see a komodo dragon (very poisoned).

Vanquished Creatures
  Grinder (D:3)
  A black bear (D:4)
  An ogre (D:4)
  A phantom (D:2)
  A hound (D:4)
  A jelly (D:4)
  Crazy Yiuf (D:3)
  2 iguanas (D:4)
  An orc wizard (D:3)
  4 adders
  An ufetubus (D:4)
  An adder skeleton (D:3)
  3 worms
  2 dart slugs
  8 orcs
  12 endoplasms
  A giant cockroach (D:2)
  8 hobgoblins
  8 jackals
  3 kobolds
  3 quokkas
  6 ball pythons
  2 bats (D:1)
  A frilled lizard (D:2)
  4 goblins
  4 rats
81 creatures vanquished.

Notes
Turn   | Place    | Note
-------+----------+-------------------------------------------
     0 | D:1      | MajorAdolf the Naga Wanderer began the quest for the Orb.
     0 | D:1      | MajorAdolf set off with the following items: a +2 mace, a
                  | potion of lignification, a scroll of teleportation, a +0
                  | robe
     0 | D:1      | Reached XP level 1. HP: 25/25 MP: 1/1
    14 | D:1      | Found Quesuupn's Book Shop.
    18 | D:1      | Found Nuerch's Antique Armour Shoppe.
    77 | D:1      | Found a faded altar of an unknown god.
   397 | D:1      | Reached XP level 2. HP: 32/32 MP: 2/2
   561 | D:1      | Found Seijeog's Weapon Shoppe.
  1478 | D:2      | Reached XP level 3. HP: 32/39 MP: 3/3
  1648 | D:2      | Learned a level 2 spell: Poisonous Vapours
  2181 | D:2      | Found a sacrificial altar of Ru.
  2188 | D:2      | Reached XP level 4. HP: 42/46 MP: 4/4
  2424 | D:2      | Reached skill level 1 in Poison Magic
  3042 | D:3      | Noticed a phantom
  3061 | D:2      | Killed a phantom
  3062 | D:2      | Reached skill level 1 in Spellcasting
  3062 | D:2      | Reached skill level 1 in Air Magic
  3062 | D:2      | Reached XP level 5. HP: 6/52 MP: 4/6
  4202 | D:3      | Noticed Grinder
  4213 | D:3      | Killed Grinder
  4214 | D:3      | Reached XP level 6. HP: 61/61 MP: 7/9
  4269 | D:3      | Found a runed translucent door.
  4270 | D:3      | Noticed Crazy Yiuf
  4303 | D:4      | Found a burning altar of Makhleb.
  4850 | D:3      | Killed Crazy Yiuf
  5008 | D:4      | Reached XP level 7. HP: 45/67 MP: 0/10
  5128 | D:4      | Reached skill level 5 in Maces & Flails
  6572 | D:5      | Entered Level 5 of the Dungeon
  6594 | D:5      | Noticed a komodo dragon
  6597 | D:5      | Noticed Eustachio
  6616 | D:4      | Demolished by a komodo dragon

Illustrated notes

Levels and vault maps discovered:
D:1:      scummos_arrival_forest, layout_loops_cross, serial_shops,
          nicolae_diamond_shop, shop, shop, serial_rivers,
          chequers_serial_rivers_small_a, chequers_serial_rivers_large_a,
          chequers_serial_rivers_small_a, chequers_serial_rivers_micro_d,
          chequers_serial_rivers_marsh, chequers_serial_rivers_large_b,
          hellmonk_ecumenical_altar_prayer_group
D:2:      layout_basic, minmay_misc_feat_hallway,
          minmay_misc_feat_secret_circle, small_statue_intersection,
          minmay_hexomino_r4
D:3:      layout_basic, minmay_misc_feat_room, uniq_crazy_yiuf_cottage,
          uniq_grinder
D:4:      layout_rooms, lemuel_crystal_altar
D:5:      layout_loops_cross, minmay_temple_entry_tees, uniq_eustachio

Skill      XL: |  1  2  3  4  5  6  7 |
---------------+----------------------+-----
Maces & Flails | 3 4 5 |  5.3
Poison Magic   | 2 3 4 |  4.7
Spellcasting   | 1 2 3 |  3.1
Air Magic      | 1 2 3 |  3.5
Fighting       | |  5.0
Dodging        | |  1.0
Stealth        | |  1.5
Evocations     | |  1.0

Action                   |  1- 3 |  4- 6 |  7- 9 || total
-------------------------+-------+-------+-------++-------
Melee: Mace              |    97 |    81 |    43 ||   221
 Cast: Poisonous Vapours |       |     7 |    29 ||    36
 Abil: Spit Poison       |     2 |    12 |    10 ||    24
  Use: Potion            |       |     2 |       ||     2
       Scroll            |       |       |     1 ||     1
 Stab: Sleeping          |    10 |       |       ||    10
Armor: Robe              |    27 |    36 |    24 ||    87
       Skin              |       |     2 |       ||     2
Dodge: Dodged            |    40 |    46 |    25 ||   111
Block: Buckler           |     5 |     9 |    10 ||    24
